 Dungeon Crawl Stone Soup version 0.17-a0-670-g5d95ebd (webtiles) character file.

47389 nubinia the Unseen (level 14, -2/88 HPs)
             Began as an Octopode Wizard on Apr 18, 2015.
             Was the Champion of Ashenzari.
             Slain by an eight-headed hydra (12 damage)
             ... on level 7 of the Lair of Beasts on Apr 19, 2015.
             The game lasted 03:12:34 (28127 turns).

nubinia the Unseen (Octopode Wizard)               Turns: 28127, Time: 03:12:35

Health: -2/88      AC:  3    Str:  8    XL:     14   Next: 41%
Magic:  0/29       EV: 20    Int: 27    God:    Ashenzari [******]
Gold:   1769       SH: 16    Dex: 12    Spells: 9 memorised, 12 levels left

rFire  . . .     SeeInvis +     t - +5 dagger (flame) (curse)
rCold  . . .     Clarity  +     C - +5 shield (curse)
rNeg   . . .     SustAb   +     b - +2 hat (curse)
rPois  .         Gourm    .     I - amulet of guardian spirit (curse)
rElec  .         Spirit   +     x - ring of stealth (curse)
rCorr  .         Warding  .     J - ring of stealth (curse)
rMut   .         Stasis   .     Q - ring of sustain abilities (curse)
MR     +++..                    Z - ring of see invisible (curse)
Stlth  ++++++++++               G - ring of the Mage {Wiz MR++ Int+3}
                                (no ring)
                                (no ring)
                                (no ring)

@: repel missiles, extremely resistant to hostile enchantments, uncannily
stealthy
A: almost no armour, amphibious, 8 rings, constrict 8, repulsion field 1,
camouflage 1, breathe flames 1, strong 1, gelatinous body 1
a: Scrying, Transfer Knowledge, Renounce Religion, Breathe Fire


You were on level 7 of the Lair of Beasts.
You worshipped Ashenzari.
Ashenzari was exalted by your worship.
You were not hungry.

You visited 3 branches of the dungeon, and saw 18 of its levels.
You also visited: Labyrinth, Sewer and Volcano.

You collected 1769 gold pieces.

Inventory:

Hand weapons
 t - a cursed +5 dagger of flaming (weapon)
Missiles
 R - 4 poisoned tomahawks (quivered)
Armour
 b - a cursed +2 hat (worn)
 C - a cursed +5 shield (worn)
Jewellery
 i - the amulet of Cekugob {Ward -Tele rElec rPois rN++ AC+1 EV+1}
   (You found it in a labyrinth)

   [amulet of warding]

   It may prevent the melee attacks of summoned creatures.
   It affects your AC (+1).
   It affects your evasion (+1).
   It insulates you from electricity.
   It protects you from poison.
   It greatly protects you from negative energy.
   It prevents most forms of teleportation.
 q - the amulet "Xizippyo" {rCorr Str+2 Dex+4}
   (You found it in a labyrinth)

   [amulet of resist corrosion]

   It protects you from acid and corrosion.
   It affects your strength (+2).
   It affects your dexterity (+4).
 u - a cursed ring of teleportation
 x - a cursed ring of stealth (left tentacle)
 G - the ring of the Mage (on tentacle) {Wiz MR++ Int+3}
   (You found it in a labyrinth)

   [ring of wizardry]

   It improves your spell success rate.
   It affects your intelligence (+3).
   It affects your resistance to hostile enchantments.
 I - a cursed amulet of guardian spirit (around mantle)
 J - a cursed ring of stealth (right tentacle)
 Q - a cursed ring of sustain abilities (on tentacle)
 Z - a cursed ring of see invisible (on tentacle)
Magical devices
 c - a wand of disintegration (3)
 g - a wand of invisibility (3)
 k - a wand of cold (7)
 o - a wand of heal wounds (3)
 S - a wand of fire (0)
 T - a wand of cold (8)
 V - a wand of teleportation (7)
 W - a wand of teleportation (1)
 X - a wand of confusion (23)
 Y - a wand of draining (5)
Scrolls
 e - 6 scrolls of identify
 j - 3 scrolls of magic mapping
 v - 3 scrolls of amnesia
 z - 5 scrolls of enchant armour
 B - 4 scrolls of blinking
 D - a scroll of fog
 F - 6 scrolls of teleportation
 K - 4 scrolls of recharging
 M - a scroll of curse weapon
 N - 2 scrolls of fear
 O - 10 scrolls of remove curse
Potions
 a - 2 potions of haste
 f - a potion of magic
 h - 2 potions of invisibility
 l - 2 potions of heal wounds
 m - a potion of cure mutation
 p - 5 potions of curing
 w - a potion of resistance
 A - a potion of berserk rage
 E - 6 potions of flight
 P - 2 potions of brilliance
 U - 2 potions of restore abilities
Comestibles
 d - 13 bread rations
 n - 4 meat rations
 r - 3 slices of pizza
 s - 7 beef jerkies
 H - 4 chunks of flesh
 L - 13 fruits


   Skills:
 + Level 5.2 Fighting
 + Level 6.0(10.5) Short Blades
   Level 0.4 Polearms
 + Level 8.4(12.8) Dodging
 + Level 15.1(19.1) Stealth
 + Level 8.5(11.4) Shields
 + Level 11.2 Spellcasting
 + Level 8.5(11.5) Conjurations
 + Level 0.6(2.0) Charms
 + Level 1.1(2.9) Summonings
 + Level 1.4(3.4) Translocations
 + Level 0.4(1.5) Fire Magic
 + Level 8.0(11.0) Air Magic
 - Level 5.0(8.0) Poison Magic
 + Level 1.6(3.7) Evocations


You had 12 spell levels left.
You knew the following spells:

 Your Spells              Type           Power        Failure   Level  Hunger
a - Magic Dart            Conj           ####         1%          1    None
b - Airstrike             Air            ######....   1%          4    None
c - Mephitic Cloud        Conj/Pois/Air  ######..     1%          3    None
d - Blink                 Tloc           N/A          1%          2    None
e - Conjure Flame         Conj/Fire      ######..     1%          3    None
f - Call Imp              Summ           ####....     1%          2    None
g - Call Canine Familiar  Summ           ####....     3%          3    None
h - Dazzling Spray        Conj/Hex       #####...     1%          3    None
r - Repel Missiles        Chrm/Air       ######       1%          2    None


Dungeon Overview and Level Annotations

Branches:
Dungeon (9/15)             Temple (1/1) D:4            Lair (8/8) D:9
  Swamp (0/5) Lair:6        Snake (0/5) Lair:6          Orc (0/4) D:9
  Slime: Lair:6-8

Altars:
Ashenzari
Cheibriados
Dithmenos
Elyvilon
Fedhas
Gozag
Kikubaaqudgha
Makhleb
Nemelex Xobeh
Okawaru
Qazlal
Ru
Sif Muna
Trog
Vehumet
Xom
Yredelemnul
Zin
The Shining One

Annotations:
Lair:2 exclusion: oklob plant


Innate Abilities, Weirdness & Mutations

You cannot wear most types of armour.
You are amphibious.
You can wear up to eight rings at the same time.
You can use your tentacles to constrict eight enemies at once.
Your skin changes colour to match your surroundings (Stealth).
Your rubbery body absorbs attacks (AC +1).
You are surrounded by a mild repulsion field (EV +2).
You can breathe flames.
Your muscles are strong. (Str +2)


Message History

* * * LOW HITPOINT WARNING * * *
Read which item? (? for menu, Esc to quit)
Blink to where?
Press: ? - help, Dir - move target cursor
Okay, then.
Evoke which item? (* to show all) (? for menu, Esc to quit)
Zapping:
S - a wand of fire (1)
Press: ? - help, Shift-Dir - straight line, f - eight-headed hydra
Aim: an eight-headed hydra (almost dead)
The bolt of fire misses the eight-headed hydra.
The bolt of fire hits the fungus.
The fungus is heavily damaged.
This wand has 0 charges left.
You block the eight-headed hydra's attack.
The eight-headed hydra bites you!
* * * LOW HITPOINT WARNING * * *
You block the eight-headed hydra's attack.
The eight-headed hydra bites you but does no damage.
The eight-headed hydra bites you!
You die...

.....##.....###...............##P
#...P.#...................../....
#.....#..(.#.#...................
.....###.........................
......P...............(...##P#...
.......P..................######P
.............#..PPP.#....###P#.P.
.............#.P.D..##...........
≈...........#...@.###........PP..
≈≈...........##...###.......P....
≈≈≈).........#....##.............
≈≈≈..........#....###............
≈≈≈≈†..#..........###............
≈≈≈≈.............................
≈≈≈≈.............................
≈≈≈..(...........................
≈≈.....P.......#.....#./.........


You could see an eight-headed hydra.

Vanquished Creatures
  Maud (Lair:4)
  The ghost of quik the Grappler, a powerful TrMo of Elyvilon (Lair:5)
  A minotaur (Lab)
  9 hydras
  A death yak (Lair:7)
  Nergalle (Lair:3)
  An unseen horror (Lab)
  A necromancer (Lair:7)
  Pikel (D:6)
  5 griffons
  5 elephants
  A centaur zombie (D:6)
  A manticore (Lair:7)
  5 black mambas
  2 toenail golems (Volcano)
  7 spiny frogs
  A gargoyle (Lab)
  A centaur skeleton (D:8)
  8 komodo dragons
  2 wandering mushrooms (Lab)
  7 fire drakes
  A troll (D:9)
  17 blink frogs
  A boulder beetle (Lair:7)
  5 trapdoor spiders (Lab)
  A spriggan (D:8)
  A deep elf mage (D:9)
  9 hippogriffs
  24 yaks
  4 hungry ghosts (Lab)
  8 basilisks
  5 wyverns
  6 humans (Volcano)
  3 wolves (Lair:4)
  9 water moccasins
  3 nagas (Lair:6)
  11 porcupines
  4 orc warriors
  2 sky beasts
  2 black bears
  A deep dwarf (D:7)
  A phantom (D:7)
  4 slaves (D:6)
  An elephant zombie (Lair:7)
  2 necrophages
  7 ogres
  A wasp (D:9)
  A centaur (D:6)
  A boring beetle (Lair:4)
  12 crocodiles
  A big kobold (D:9)
  17 giant frogs
  A brain worm (Lair:6)
  A gnoll sergeant (D:4)
  2 scorpions (D:5)
  4 wights
  4 orc priests
  2 crimson imps
  5 hounds
  2 basilisk zombies (Lair:7)
  A giant frog zombie (D:9)
  12 jellies
  9 orc wizards
  2 electric eels (Lair:7)
  2 gnoll shamans (D:4)
  A giant frog skeleton (D:5)
  6 iguanas
  9 worker ants
  2 sirens (Sewer)
  A hell rat (Lair:6)
  A merfolk avatar (Sewer)
  A killer bee zombie (D:8)
  9 sheep
  A crocodile zombie (Lair:7)
  A hound zombie (D:9)
  A hound skeleton (D:9)
  A worker ant zombie (D:9)
  16 adders
  36 gnolls (D:4)
  75 river rats
  A shadow imp (D:6)
  13 oozes
  A worm (D:2)
  2 adder skeletons (D:5)
  4 giant geckos
  41 orcs
  6 ball pythons
  16 bats
  12 goblins
  14 hobgoblins
  34 jackals
  11 quokkas
  18 giant cockroaches
  A giant gecko skeleton (D:7)
  8 giant newts
  A giant spore (D:7)
  24 kobolds
  43 rats
  3 fungi
688 creatures vanquished.

Vanquished Creatures (collateral kills)
  A wyvern (Lair:7)
1 creature vanquished.

Vanquished Creatures (others)
  A hound (Lair:7)
  3 river rats (Lair:7)
  A shadow imp (Lair:7)
  A ball python (D:1)
  A goblin (D:1)
  7 fungi
  4 plants
18 creatures vanquished.

Grand Total: 707 creatures vanquished

Notes
Turn   | Place    | Note
--------------------------------------------------------------
     0 | D:1      | nubinia, the Octopode Wizard, began the quest for the Orb.
     0 | D:1      | Reached XP level 1. HP: 11/11 MP: 4/4
   522 | D:1      | Reached XP level 2. HP: 17/17 MP: 4/6
   526 | D:1      | Learned a level 2 spell: Repel Missiles
   529 | D:1      | Learned a level 2 spell: Blink
  1374 | D:1      | Reached XP level 3. HP: 21/21 MP: 4/7
  1379 | D:1      | Learned a level 3 spell: Mephitic Cloud
  1565 | D:2      | Reached skill level 1 in Poison Magic
  1837 | D:2      | Found a stormy altar of Qazlal.
  1839 | D:2      | Noticed a fire elemental
  1841 | D:2      | Noticed a water elemental
  1842 | D:2      | Noticed an earth elemental
  1842 | D:2      | Noticed an air elemental
  2590 | D:2      | Reached XP level 4. HP: 27/27 MP: 9/9
  2651 | D:2      | Found an ancient bone altar of Kikubaaqudgha.
  3539 | D:3      | Found a bloodstained altar of Trog.
  4163 | D:4      | Reached XP level 5. HP: 16/32 MP: 6/10
  4191 | D:4      | Learned a level 3 spell: Conjure Flame
  4468 | D:4      | Found a staircase to the Ecumenical Temple.
  4493 | Temple   | Entered the Ecumenical Temple
  4566 | Temple   | Became a worshipper of Ashenzari the Shackled
  5300 | D:4      | Reached XP level 6. HP: 37/37 MP: 0/11
  5353 | D:4      | Reached skill level 1 in Fighting
  5467 | D:4      | Reached skill level 1 in Short Blades
  5597 | D:4      | Reached skill level 4 in Stealth
  5602 | D:4      | Noticed a gnoll sergeant
  5609 | D:4      | Killed a gnoll sergeant
  5856 | D:4      | Reached XP level 7. HP: 31/43 MP: 1/13
  5969 | D:4      | Reached skill level 1 in Air Magic
  7286 | D:4      | Reached skill level 5 in Spellcasting
  7317 | D:5      | Entered Level 5 of the Dungeon
  7610 | D:5      | Found a blossoming altar of Fedhas.
  7678 | D:5      | Reached skill level 1 in Shields
  7832 | D:5      | Reached XP level 8. HP: 48/48 MP: 12/15
  8121 | D:5      | Found an iron altar of Okawaru.
  8202 | D:5      | Found a basalt altar of Yredelemnul.
  8202 | D:5      | Found a deep blue altar of Sif Muna.
  8221 | D:5      | Reached skill level 5 in Shields
  8450 | D:5      | Found an iron altar of Okawaru.
  8535 | D:5      | Found a sacrificial altar of Ru.
  8623 | D:6      | Found a glowing drain.
  8648 | Sewer    | Entered a sewer
  8894 | Sewer    | Reached skill level 6 in Shields
  9402 | D:6      | Reached skill level 5 in Stealth
  9451 | D:6      | Noticed Pikel
  9458 | D:6      | Noticed a centaur zombie
  9644 | D:6      | Found a shadowy altar of Dithmenos.
  9867 | D:7      | Acquired Ashenzari's first power
  9885 | D:7      | Reached XP level 9. HP: 54/54 MP: 6/17
 10707 | D:6      | Found a glowing golden altar of the Shining One.
 10760 | D:6      | Gained mutation: You can breathe flames. [mutagenic meat]
 10761 | D:6      | Gained mutation: You are surrounded by a mild repulsion field (EV +2). [mutagenic meat]
 10762 | D:6      | Gained mutation: Your muscles are strong. (Str +2) [mutagenic meat]
 10897 | D:6      | Killed a centaur zombie
 11061 | D:6      | Killed Pikel
 11061 | D:6      | Reached skill level 7 in Stealth
 11061 | D:6      | Reached skill level 5 in Conjurations
 11834 | D:7      | Reached XP level 10. HP: 60/60 MP: 17/20
 11924 | D:8      | Reached skill level 5 in Poison Magic
 12326 | D:8      | Reached skill level 8 in Stealth
 13828 | D:9      | Found a staircase to the Orcish Mines.
 13942 | D:9      | Found a staircase to the Lair.
 13957 | D:8      | Reached skill level 5 in Dodging
 14437 | D:9      | Acquired Ashenzari's second power
 15060 | D:9      | Found a burning altar of Makhleb.
 15232 | D:9      | Reached skill level 9 in Stealth
 15290 | Lair:1   | Entered Level 1 of the Lair of Beasts
 15346 | Lair:1   | Reached XP level 11. HP: 66/66 MP: 22/22
 15840 | Lair:2   | Noticed a six-headed hydra
 16066 | Lair:2   | Acquired Ashenzari's third power
 16174 | Lair:2   | Killed a six-headed hydra
 16174 | Lair:2   | Reached skill level 10 in Stealth
 17319 | Lair:3   | Noticed Nergalle
 17327 | Lair:3   | Killed Nergalle
 17378 | Lair:3   | Noticed a four-headed hydra
 17392 | Lair:3   | Killed a four-headed hydra
 17392 | Lair:3   | Reached skill level 11 in Stealth
 17392 | Lair:3   | Reached skill level 1 in Evocations
 18032 | Lair:4   | Reached XP level 12. HP: 71/73 MP: 24/24
 18038 | Lair:4   | Learned a level 4 spell: Airstrike
 18183 | Lair:4   | Noticed Maud
 18190 | Lair:4   | Killed Maud
 18221 | Lair:4   | Reached skill level 12 in Stealth
 18882 | Lair:4   | Acquired Ashenzari's fourth power
 19339 | Lair:4   | Reached skill level 5 in Short Blades
 19618 | Lair:5   | Noticed quik's ghost (powerful TrMo)
 19709 | Lair:5   | Found a dark tunnel.
 19719 | Volcano  | Entered a volcano
 20194 | Lair:5   | Noticed a seven-headed hydra
 20199 | Lair:5   | Learned a level 2 spell: Call Imp
 20206 | Lair:5   | Killed a seven-headed hydra
 20219 | Lair:5   | Noticed a seven-headed hydra
 20226 | Lair:5   | Killed a seven-headed hydra
 20226 | Lair:5   | Reached skill level 13 in Stealth
 20883 | Lair:6   | Found a staircase to the Snake Pit.
 20886 | Lair:6   | Found a labyrinth entrance.
 20903 | Lab      | Entered a labyrinth
 20921 | Lab      | Reached XP level 13. HP: 80/80 MP: 26/26
 20930 | Lab      | Found an exit through the horrors of the Abyss.
 20985 | Lab      | Reached skill level 5 in Air Magic
 21698 | Lab      | Noticed a minotaur
 21701 | Lab      | Killed a minotaur
 21703 | Lab      | Identified a +5 rod of clouds (11/11)
 21703 | Lab      | Identified the amulet "Xizippyo" {rCorr Str+2 Dex+4}
 21703 | Lab      | Identified Pyqup's Disquisition on the Oath
 21703 | Lab      | Identified a +1 rod of inaccuracy (11/11)
 21714 | Lab      | Learned a level 3 spell: Call Canine Familiar
 21894 | Lair:6   | Reached skill level 14 in Stealth
 22073 | Lair:6   | Learned a level 3 spell: Dazzling Spray
 22522 | Lair:6   | Found a staircase to the Swamp.
 23003 | Lair:5   | Killed quik's ghost
 23450 | Lair:5   | Reached skill level 10 in Spellcasting
 23751 | Lair:5   | Noticed a seven-headed hydra
 23760 | Lair:5   | Killed a seven-headed hydra
 24980 | Lair:7   | Reached skill level 5 in Fighting
 25470 | Lair:7   | Reached XP level 14. HP: 87/87 MP: 14/28
 26071 | Lair:7   | Reached skill level 15 in Stealth
 27169 | Lair:8   | Entered Level 8 of the Lair of Beasts
 28127 | Lair:7   | Slain by an eight-headed hydra

Action                   |  1- 3 |  4- 6 |  7- 9 | 10-12 | 13-15 || total
-------------------------+-------+-------+-------+-------+-------++-------
Melee: Unarmed           |    13 |       |       |       |       ||    13
       Dagger            |    16 |    69 |   275 |   545 |   425 ||  1330
       Hand axe          |    24 |       |       |       |       ||    24
       Spear             |    19 |    26 |       |       |       ||    45
 Cast: Magic Dart        |    40 |   107 |   197 |   270 |    60 ||   674
       Repel Missiles    |     1 |     1 |       |     1 |       ||     3
       Mephitic Cloud    |       |     9 |    29 |    45 |    43 ||   126
       Conjure Flame     |       |       |     1 |     5 |     3 ||     9
       Airstrike         |       |       |       |     3 |   109 ||   112
       Dazzling Spray    |       |       |       |       |     6 ||     6
       Blink             |       |       |       |       |     5 ||     5
       Call Canine Famil |       |       |       |       |     2 ||     2
       Call Imp          |       |       |       |       |     1 ||     1
 Abil: Breathe Fire      |       |       |     1 |     1 |       ||     2
Evoke: Wand              |       |       |       |    12 |     5 ||    17
  Use: Potion            |     1 |     2 |     2 |     2 |     3 ||    10
       Scroll            |     4 |    10 |     6 |    18 |     9 ||    47
 Stab: Sleeping          |    11 |     8 |    18 |    48 |    41 ||   126
       Confused          |       |     1 |     8 |    14 |    24 ||    47
       Distracted        |       |       |     2 |     1 |       ||     3
       Invisible         |       |       |       |       |     2 ||     2
  Eat: Chunk             |     5 |    12 |    25 |    24 |    18 ||    84
       Pizza             |       |       |       |     2 |       ||     2
       Royal jelly       |       |       |       |     1 |       ||     1
       Meat ration       |       |       |       |       |     1 ||     1
